 Dungeon Crawl Stone Soup version 0.27.1-1-g398f81649c (webtiles) character file.

Game seed: 16579120785156718380

586836 Kinoniko the Axe Maniac (level 27, -7/273 HPs)
             Began as a Hill Orc Berserker on Sept 21, 2021.
             Was a High Priest of Zin.
             Mangled by a two-headed ogre (16 damage)
             ... created by the rage of Trog
             ... on level 1 of the Abyss on Sept 22, 2021.
             The game lasted 01:54:23 (60028 turns).

Kinoniko the Axe Maniac (Hill Orc Berserker)       Turns: 60028, Time: 01:54:24

Health: -7/273     AC: 46    Str: 24      XL:     27
Magic:  32/32      EV: 11    Int:  7 (10) God:    Zin [*****.]
Gold:   150        SH:  5    Dex: 10      Spells: 26/26 levels left

rFire    + + +     SeeInvis +   A - +8 executioner's axe (freeze)
rCold    + . .     Faith    .   (shield currently unavailable)
rNeg     + + +     Spirit   .   Z - +8 crystal plate armour "Poenadwu" {rElec Regen+ Int-5}
rPois    +         Reflect  +   a - +0 mask of the Dragon {Will+ Slay+3 SInv}
rElec    +         Harm     .   Y - scarf {rC+ rF+}
rCorr    .         Rampage  .   Q - +1 pair of gloves "Korizu Ricic" {-Tele rPois rN+ Int+3}
Will     +++..     NoTele   +   M - +3 pair of boots "Oqiafub" {rF++}
Stlth    ..........             K - amulet "Fustrex" {Reflect rC+ SH+5 Stlth+}
HPRegen  0.00/turn              q - ring of Mirth {Fire rElec rN++ Str-4 Slay+3}
MPRegen  0.23/turn              T - +4 ring of slaying

@: on recite cooldown, mildly diseased, studying 3 skills
A: thin skeletal structure 1, clumsy 1
}: 3/15 runes: decaying, serpentine, silver
a: Renounce Religion, Recite, Vitalisation, Imprison, Sanctuary, Donate Gold


You were on level 1 of the Abyss.
You worshipped Zin.
Zin was extremely pleased with you.
You visited 10 branches of the dungeon, and saw 46 of its levels.
You visited the Abyss 6 times.
You also visited: Ossuary, Bailey, Ice Cave and Volcano.

You collected 8951 gold pieces.
You spent 8101 gold pieces at shops.
You donated 700 gold pieces to Zin.

Inventory:

Hand Weapons
 r - the +4 arbalest "Woaxuab" {penet, Int+5 Stlth+}
   (You found it on level 3 of the Elven Halls)

   Any ammunition fired by it passes through the targets it hits, potentially
   hitting all targets in its path until it reaches maximum range.
   Int:       It affects your intelligence (+5).
   Stlth:     It makes you more stealthy.
 A - a +8 executioner's axe of freezing (weapon)
Missiles
 c - 1285 bolts
Armour
 a - the +0 mask of the Dragon (worn) {Will+ Slay+3 SInv}
   (You bought it in a shop on level 3 of the Depths)

   Slay:      It affects your accuracy & damage with ranged weapons and melee
   (+3).
   SInv:      It lets you see invisible.
   Will:      It increases your willpower.
 M - the +3 pair of boots "Oqiafub" (worn) {rF++}
   (You acquired it on level 9 of the Dungeon)

   rF:        It greatly protects you from fire.
 Q - the +1 pair of gloves "Korizu Ricic" (worn) {-Tele rPois rN+ Int+3}
   (You found it in an ice cave)

   Int:       It affects your intelligence (+3).
   rPois:     It protects you from poison.
   rN:        It protects you from negative energy.
   -Tele:     It prevents most forms of teleportation.
 Y - a scarf of resistance (worn)
 Z - the +8 crystal plate armour "Poenadwu" (worn) {rElec Regen+ Int-5}
   (You acquired it on level 1 of the Lair of Beasts)

   Int:       It affects your intelligence (-5).
   rElec:     It insulates you from electricity.
   Regen:     It increases your rate of health regeneration.
Jewellery
 b - a +4 ring of evasion
 q - the ring of Mirth (left hand) {Fire rElec rN++ Str-4 Slay+3}
   (You found it on level 3 of the Elven Halls)

   [ring of fire]

   It enhances your fire magic.
   Str:       It affects your strength (-4).
   Slay:      It affects your accuracy & damage with ranged weapons and melee
   (+3).
   rF:        It protects you from fire.
   rC:        It makes you vulnerable to cold.
   rElec:     It insulates you from electricity.
   rN:        It greatly protects you from negative energy.
 K - the amulet "Fustrex" (around neck) {Reflect rC+ SH+5 Stlth+}
   (You acquired it on level 12 of the Dungeon)

   [amulet of reflection]

   It reflects blocked missile attacks.
   rC:        It protects you from cold.
   SH:        It affects your SH (+5).
   Stlth:     It makes you more stealthy.
 T - a +4 ring of slaying (right hand)
Wands
 y - a wand of digging (11)
Scrolls
 d - a scroll of holy word
 g - 21 scrolls of teleportation
 m - 10 scrolls of fog
 F - 5 scrolls of fear
 P - 5 scrolls of magic mapping
 S - 6 scrolls of silence
 U - 3 scrolls of blinking
Potions
 f - 17 potions of curing
 i - 5 potions of cancellation
 j - 4 potions of might
 k - 8 potions of attraction
 v - 6 potions of resistance
 D - 7 potions of ambrosia
 E - a potion of berserk rage
 G - 7 potions of mutation
 H - a potion of heal wounds
 V - 11 potions of haste
Miscellaneous
 z - a tin of tremorstones (2/2)


   Skills:
 O Level 27 Fighting
 O Level 27 Axes
 - Level 17.0 Crossbows
 * Level 25.8 Armour
 - Level 16.4 Dodging
 * Level 12.3 Invocations


You had 26 spell levels left.
You didn't know any spells.
Your spell library contained the following spells:

 Spells                   Type           Power      Damage    Failure   Level
 Animate Skeleton         Necr           0%         N/A       99%         1
 Pain                     Necr           0%         1d4       99%         1
 Blink                    Tloc           N/A        N/A       99%         2
 Call Canine Familiar     Summ           0%         N/A       100%        3
 Conjure Flame            Conj/Fire      0%         6-21      100%        3
 Frozen Ramparts          Ice            0%         1d2       100%        3
 Ignite Poison            Fire/Tmut/Pois 0%         N/A       100%        3
 Lesser Beckoning         Tloc           0%         N/A       100%        3
 Portal Projectile        Hex/Tloc       0%         N/A       100%        3
 Vampiric Draining        Necr           0%         2d6       100%        3
 Ice Form                 Ice/Tmut       0%         N/A       100%        4
 Leda's Liquefaction      Hex/Erth       0%         N/A       100%        4
 Petrify                  Tmut/Erth      0%         N/A       100%        4
 Sticky Flame             Conj/Fire      0%         2d3       100%        4
 Summon Ice Beast         Ice/Summ       0%         N/A       100%        4
 Summon Lightning Spire   Summ/Air       0%         N/A       100%        4
 Agony                    Necr           0%         N/A       100%        5
 Excruciating Wounds      Necr           0%         N/A       100%        5
 Fireball                 Conj/Fire      0%         3d3       100%        5
 Iskenderun's Battlesphe  Conj           0%         2d6       100%        5
 Manifold Assault         Tloc           0%         N/A       100%        5
 Metabolic Englaciation   Hex/Ice        0%         N/A       100%        5
 Conjure Ball Lightning   Conj/Air       0%         3x3d6     100%        6
 Statue Form              Tmut/Erth      0%         N/A       100%        6
 Orb of Destruction       Conj           0%         N/A       100%        7
 Storm Form               Tmut/Air       0%         N/A       100%        7
 Maxwell's Capacitive Co  Air            0%         ∞         100%        8


Dungeon Overview and Level Annotations

Branches:
Dungeon (15/15)            Temple (1/1) D:7            Lair (6/6) D:11
  Swamp (4/4) Lair:4        Snake (4/4) Lair:3        Slime (0/5) Lair:6
    Orc (2/2) D:12            Elf (3/3) Orc:2        Vaults (5/5) D:14
  Crypt (0/3) Vaults:3     Depths (5/5) D:15           Hell (visited)
    Dis (0/7) Hell            Geh (0/7) Hell            Coc (0/7) Hell
    Tar (0/7) Hell            Zot (0/5) Depths:5    Ossuary (visited)
 Bailey (visited)           IceCv (visited)         Volcano (visited)

Altars:
Ashenzari
Cheibriados
Dithmenos
Elyvilon
Fedhas
Gozag
Hepliaklqana
Kikubaaqudgha
Makhleb
Nemelex Xobeh
Okawaru
Qazlal
Ru
Sif Muna
Trog
Uskayaw
Vehumet
Wu Jian
Xom
Yredelemnul
Zin
The Shining One
Beogh

Shops:
D:2 *   D:11 [   Orc:2 ((?[[   Elf:2 **   Snake:1 *:!(!   Snake:2 [
Vaults:2 **   Vaults:3 (   Vaults:5 *   Depths:1 :   Depths:2 :[:(   Depths:3 *

Portals:
Hell: Depths:1 Depths:2 Depths:3 Depths:4 Depths:5
Abyss: Depths:2 Depths:4
Pandemonium: Depths:3
Ziggurat: Depths:5
Trove: Vaults:3 (give 11 potions of heal wounds)

Annotations:
Lair:5 2 transporters
Elf:1 1 runed translucent door


Innate Abilities, Weirdness & Mutations

You have a somewhat thin skeletal structure. (Dex +2, Stealth+)
You are clumsy. (Dex -2)


Message History

A small abomination bursts from nowhere.
A small abomination is nearby!
A worldbinder comes into view.
The worldbinder calls forth creatures from the Shoals!
The small abomination hits you! Trog sends monsters to punish you.
A polar bear, a two-headed ogre, 2 deep trolls and 3 giants come into view.
You cut the small abomination into ribbons!!!
You freeze the small abomination!
You destroy the small abomination!
Zin accepts your kill.
You slash the deep troll! You freeze the deep troll.
You slice the two-headed ogre!! You freeze the two-headed ogre.
The two-headed ogre hits you with a +0 giant spiked club.
The two-headed ogre hits you with a +0 giant club.
The stone giant hits you!!!
* * * LOW HITPOINT WARNING * * *
The deep troll closely misses you. You block the deep troll's attack.
The deep troll closely misses you. The cyclops hits you!!
* * * LOW HITPOINT WARNING * * *
You hear a roar!
Unknown command.
You cannot blink because you are wearing the +1 pair of gloves "Korizu Ricic" {-Tele rPois rN+ Int+3}.
You slice the two-headed ogre!! You freeze the two-headed ogre.
The two-headed ogre is heavily wounded.
You cut the stone giant into ribbons!!! You freeze the stone giant.
You slash the cyclops! You freeze the cyclops. You barely miss the polar bear.
You slice the deep troll!! You freeze the deep troll! You hit the stone giant.
You freeze the stone giant. The polar bear barely misses you.
The polar bear claws you but does no damage.
You block the polar bear's attack. The stone giant hits you!!
Zin protects you from harm!
The stone giant hits you but does no damage.
The deep troll barely misses you.
The deep troll claws you but does no damage.
The deep troll claws you!
* * * LOW HITPOINT WARNING * * *
The two-headed ogre closely misses you.
The two-headed ogre hits you with a +0 giant club!
You die...

.. . ###.## x##
... ..#.
..###..# #...
.## #...# ...#
#..# #...##§# .
#..##..§§#### #
#. .#.COC.# ..
.#...§T@#
#..#...###§ThC#
# ##. .#§#§§§§.
# . #.#.#.....#
. # . #.
....##..§ # ##
.# ##.! .. . #
..# # # . # #
.. # .


You could see 2 stone giants, a two-headed ogre (berserk), 2 deep trolls, a
cyclops (berserk) and a polar bear (berserk).

Vanquished Creatures
  An ancient lich (Abyss:1)
  Margery (Vaults:5)
  A shard shrike (IceCv)
  3 caustic shrikes (Depths:5)
  Saint Roka (Snake:3)
  Geryon (Hell)
  3 golden dragons
  A bone dragon (Abyss:1)
  2 Hell Sentinels
  3 tentacled monstrosities
  The ghost of Zatenalo the Warrior, an adept DsBe of Trog (Vaults:2)
  Jorgrun (Snake:3)
  4 deep elf blademasters (Elf:3)
  3 titans
  2 liches
  The ghost of Kinoniko the Bludgeoner, an adept TrBe of Trog (Snake:4)
  Murray (Hell)
  A kraken (Abyss:1)
  2 sphinxes
  8 tengu reavers
  Frances (Swamp:2)
  7 shadow dragons
  Gastronok (D:10)
  2 ancient champions (Hell)
  11 tentacled starspawn
  Kirke (Swamp:1)
  6 storm dragons
  Roxanne (Snake:1)
  8 nagarajas (Snake:4)
  8 fire giants
  5 deep elf sorcerers
  3 iron dragons
  11 frost giants
  2 orc warlords
  A caustic shrike zombie (Depths:1)
  3 cacodemons
  Louise (D:15)
  14 vault wardens
  A balrug (Abyss:1)
  A draconian shifter (Depths:5)
  4 deep elf elementalists
  2 draconian stormcallers
  A ghoul (Vaults:3)
  22 very ugly things
  Aizul (Snake:3)
  3 spriggan defenders
  8 ironbound preservers
  2 war gargoyles
  A juggernaut skeleton (Depths:3)
  A caustic shrike skeleton (Depths:3)
  9 reapers
  4 deep elf demonologists (Elf:3)
  23 stone giants
  Azrael (D:12)
  A green draconian (Depths:5)
  5 entropy weavers
  9 vampire knights
  A yellow draconian (Depths:5)
  6 dire elephants
  2 bunyips
  A purple draconian (Depths:5)
  A lorocyproca (Hell)
  2 red draconians (Depths:5)
  9 deep elf annihilators
  3 spark wasps (Depths:1)
  5 eidola
  A white draconian (IceCv)
  22 ettins
  Snorg (Orc:1)
  6 eleionomae
  Josephine (D:12)
  6 deep elf death magi
  11 fire dragons
  The ghost of NineInchNils the Grappler, a journeyman TrMo (Lair:3)
  A green death (Abyss:1)
  9 great orbs of eyes
  13 ice dragons
  4 rakshasas
  7 yaktaur captains
  16 naga warriors
  A quicksilver dragon skeleton (Abyss:2)
  33 vault guards
  4 ironbound thunderhulks
  4 deep elf high priests
  Harold (Lair:2)
  A peacekeeper (Vaults:3)
  2 catoblepae (Lair:6)
  5 boulder beetles
  A merfolk avatar (Lair:6)
  7 spriggan air magi
  12 hydras
  A hell beast (Hell)
  3 ogre magi
  8 ironbound frosthearts
  8 anacondas
  A death knight (D:14)
  5 ghost crabs
  26 centaur warriors
  28 dancing weapons
  A two-headed ogre (shapeshifter) (Depths:2)
  7 tengu warriors
  10 deep troll shamans
  4 alligators
  18 two-headed ogres
  5 hell hogs
  4 deep troll earth magi
  8 naga sharpshooters
  3 thrashing horrors
  An orc high priest (Orc:1)
  11 soul eaters
  6 spriggan berserkers
  5 ironbound beastmasters
  8 shock serpents
  5 skeletal warriors
  15 spriggans
  26 hell knights
  14 deep elf knights
  A shadow wraith (Vaults:2)
  2 sixfirhies (Abyss:1)
  2 salamander mystics
  A spark wasp zombie (D:15)
  10 sun demons
  5 sea snakes
  6 fire crabs (D:14)
  8 wretched stars
  2 goliath frogs
  2 spatial maelstroms
  A death drake (shapeshifter) (Elf:2)
  11 iron trolls
  3 naga ritualists
  A golden dragon zombie (Depths:3)
  2 swamp dragons (Swamp:4)
  2 death drakes
  A bog body (Swamp:1)
  4 flayed ghosts
  3 anaconda zombies (Hell)
  50 starcursed masses
  An orange crystal statue (IceCv)
  43 deep trolls
  21 large abominations
  13 phantasmal warriors
  8 ironbound convokers
  6 harpies
  12 glowing orange brains
  2 lindwurms (Vaults:1)
  2 obsidian statues
  7 deep elf archers
  A harpy (shapeshifter) (Abyss:1)
  6 orc knights
  8 mana vipers
  14 wizards
  35 deep elf pyromancers
  82 ugly things
  A fire giant zombie (Hell)
  A tengu skeleton (Vaults:1)
  22 deep elf zephyrmancers
  5 manticores
  2 oklob plants (Lair:2)
  5 orc sorcerers
  17 salamanders
  12 necromancers
  4 will-o-the-wisps
  3 stone giant zombies
  2 frost giant zombies
  2 salamanders (shapeshifter)
  13 cyclopes
  3 frost giant skeletons
  6 guardian serpents
  20 eyes of devastation (Depths:3)
  An iron dragon skeleton (Depths:1)
  A torpor snail (shapeshifter) (Depths:4)
  4 worldbinders
  A torpor snail (Lair:6)
  A spriggan zombie (Depths:1)
  3 rust devils
  A shock serpent zombie (Abyss:1)
  26 black mambas
  A guardian serpent (shapeshifter) (Abyss:2)
  14 elephants
  3 molten gargoyles
  A gargoyle (D:11)
  2 ice statues (Elf:1)
  18 smoke demons
  13 vault sentinels
  An orange demon (Hell)
  2 apocalypse crabs
  2 elf skeletons (Vaults:1)
  9 cane toads
  12 naga magi
  A cane toad (shapeshifter) (Elf:1)
  29 yaktaurs
  A hellion (Abyss:2)
  7 unseen horrors
  8 ice devils (Hell)
  A rime drake (shapeshifter) (Vaults:5)
  A demonic crawler (Abyss:2)
  29 rime drakes
  3 efreet
  8 komodo dragons
  10 ancient zymes
  9 freezing wraiths
  9 tengu conjurers
  2 tormentors
  A guardian mummy (D:15)
  A red devil (Hell)
  A sea snake skeleton (Hell)
  13 trolls
  2 hydra zombies (Hell)
  A jumping spider (shapeshifter) (Vaults:5)
  A queen bee (Lair:2)
  A tengu simulacrum (Vaults:1)
  24 polar bears
  19 hornets
  12 tyrant leeches
  23 slime creatures
  A wind drake (Lair:6)
  An ettin zombie (Hell)
  Grinder (D:5)
  27 blink frogs
  A fire dragon zombie (Depths:1)
  25 raiju
  9 dream sheep
  A deep troll zombie (D:15)
  3 alligator zombies (Hell)
  An ettin skeleton (Abyss:2)
  A fire dragon skeleton (Depths:1)
  7 redbacks
  4 vampires
  A tarantella (Depths:1)
  42 yaks
  5 flying skulls (Abyss:2)
  9 water elementals
  5 shadows
  An elf simulacrum (Vaults:1)
  12 ynoxinuls
  7 air elementals
  9 wraiths
  A centaur simulacrum (D:14)
  11 wyverns
  A human (shapeshifter) (Depths:5)
  A fire elemental (Elf:3)
  3 golden eyes (Depths:3)
  8 chaos spawn
  2 hogs (Swamp:1)
  Grum (D:10)
  8 basilisks
  4 swamp worm simulacra (Swamp:4)
  Menkaure (D:4)
  3 neqoxecs (Abyss:2)
  5 vampire mosquitoes
  7 steam dragons
  3 wargs
  The ghost of 101zpm the Covered, an amateur GrFi (D:3)
  7 swamp worms
  35 nagas
  17 water moccasins
  4 spatial vortices
  14 hydra simulacra (Swamp:4)
  An acid dragon (D:12)
  2 floating eyes
  8 hell hounds
  39 orc warriors
  4 swamp drakes
  2 ice beasts
  4 black bears
  30 ogres
  4 sky beasts
  8 centaurs
  5 boggarts (Vaults:3)
  10 wolves
  2 phantoms
  A kobold brigand (D:6)
  Blork the orc (D:5)
  9 bullfrogs
  A gnoll sergeant (D:11)
  7 earth elementals
  A tengu zombie (Depths:1)
  24 small abominations
  37 killer bees
  4 howler monkeys
  12 wights
  4 electric eels (Lair:2)
  A crimson imp (D:5)
  2 jellies
  3 quasits (Abyss:1)
  7 centaur zombies
  A hound (D:4)
  25 orc priests
  Crazy Yiuf (D:4)
  2 gnoll shamans (D:7)
  2 iguanas
  4 iron imps
  Ijyb (D:5)
  7 hell rats
  22 orc wizards
  4 mummies
  2 howler monkey zombies
  15 gnolls
  8 adders
  A shadow imp (D:5)
  7 white imps
  4 swamp drake simulacra (Swamp:4)
  5 ufetubi
  2 adder zombies (Ossuary)
  An adder skeleton (D:4)
  3 worms
  2 dart slugs
  87 orcs
  5 bats
  7 endoplasms
  16 giant cockroaches
  4 goblins
  7 hobgoblins
  13 jackals
  15 kobolds
  A quokka (D:1)
  3 training dummies (Orc:2)
  7 ball pythons
  6 frilled lizards
  3 goblin zombies (Ossuary)
  4 hobgoblin zombies (Ossuary)
  2 kobold zombies (Ossuary)
  4 quokka zombies (Ossuary)
  5 rats
  3 rat zombies (Ossuary)
  A lurking horror (Abyss:2)
  A plant (Lair:2)
  16 starspawn tentacles
2358 creatures vanquished.

Vanquished Creatures (collateral kills)
  Rupert (D:14)
  A lich (Vaults:5)
  A deep elf master archer (Elf:3)
  A titan (Vaults:5)
  2 sphinxes
  2 shadow dragons (Vaults:5)
  A tengu reaver (Vaults:5)
  A storm dragon (Vaults:5)
  The ghost of Atelerd the Thaumaturge, an adept OpEE of Sif Muna (Elf:2)
  A nagaraja (Snake:4)
  A deep elf sorcerer (Elf:3)
  A deep elf elementalist (Elf:3)
  A very ugly thing (Vaults:5)
  A green draconian (Depths:5)
  A deep elf demonologist (Elf:3)
  2 deep elf annihilators (Elf:3)
  3 yaktaur captains
  An ice dragon (Depths:5)
  A vault guard (D:14)
  3 deep elf high priests
  A boulder beetle (D:14)
  A hydra (Lair:5)
  A death knight (D:14)
  A centaur warrior (D:14)
  An anaconda (Snake:4)
  A hell knight (Vaults:5)
  Sonja (Lair:2)
  A sea snake (Snake:4)
  A deep troll (Depths:2)
  2 naga ritualists
  A deep elf pyromancer (Elf:2)
  A glowing orange brain (shapeshifter) (D:14)
  A phantasmal warrior (Vaults:5)
  2 mana vipers (Snake:4)
  An ugly thing (Depths:2)
  2 cyclopes (D:14)
  A naga mage (Snake:3)
  A yaktaur (Vaults:5)
  2 basilisks (Lair:2)
  A naga (Snake:4)
  A boggart (D:14)
  A jelly (shapeshifter) (D:14)
53 creatures vanquished.

Vanquished Creatures (others)
  A lich (Vaults:5)
  An azure jelly (Swamp:4)
  A deep elf high priest (Elf:3)
  A hydra (Swamp:4)
  A hell hog (Hell)
  A deep elf pyromancer (Elf:1)
  A hog (Swamp:1)
  A water moccasin (Lair:6)
  A swamp worm (Swamp:4)
  11 bushes (D:14)
  14 foxfires
  28 fungi
  A lurking horror (Abyss:2)
  90 plants
  19 starspawn tentacles
  5 withered plants (D:15)
177 creatures vanquished.

Grand Total: 2588 creatures vanquished

Notes
Turn   | Place    | Note
-------+----------+-------------------------------------------
     0 | D:1      | Kinoniko the Hill Orc Berserker began the quest for the
                  | Orb.
     0 | D:1      | Reached XP level 1. HP: 19/19 MP: 1/1
   237 | D:1      | Reached XP level 2. HP: 26/26 MP: 2/2
   314 | D:1      | Reached skill level 5 in Axes
   791 | D:1      | Reached XP level 3. HP: 30/31 MP: 3/3
  1262 | D:2      | Reached ** piety under Trog
  1375 | D:2      | Found Ofyj's Assorted Antiques.
  1501 | D:2      | Reached XP level 4. HP: 37/39 MP: 4/4
  1893 | D:2      | Found a faded altar of an unknown god.
  2522 | D:3      | Reached XP level 5. HP: 45/45 MP: 5/5
  2558 | D:3      | Reached *** piety under Trog
  2572 | D:3      | Found a runed translucent door.
  2572 | D:3      | Noticed 101zpm's ghost (amateur GrFi)
  3072 | D:3      | Killed 101zpm's ghost
  3073 | D:3      | Reached XP level 6. HP: 51/51 MP: 6/6
  3157 | D:4      | Noticed a black bear
  3167 | D:4      | Killed a black bear
  3221 | D:4      | Found a sand-covered staircase.
  3233 | Ossuary  | Entered an ossuary
  3647 | D:4      | Reached **** piety under Trog
  3648 | D:4      | Reached XP level 7. HP: 57/57 MP: 7/7
  3966 | D:4      | Noticed Menkaure
  3971 | D:4      | Killed Menkaure
  3972 | D:4      | Reached skill level 10 in Axes
  4318 | D:4      | Found a white marble altar of Elyvilon.
  4318 | D:4      | Found a shimmering altar of Xom.
  4380 | D:4      | Found a runed translucent door.
  4381 | D:4      | Noticed Crazy Yiuf
  4541 | D:4      | Killed Crazy Yiuf
  4605 | D:5      | Entered Level 5 of the Dungeon
  4677 | D:5      | Noticed Ijyb
  4686 | D:5      | Killed Ijyb
  4687 | D:5      | Reached skill level 5 in Armour
  4697 | D:5      | Reached XP level 8. HP: 64/64 MP: 8/8
  4890 | D:5      | Found a stormy altar of Qazlal.
  4910 | D:5      | Noticed a yak
  4911 | D:5      | Noticed a yak
  4912 | D:5      | Noticed a yak
  4914 | D:5      | Noticed a yak
  4915 | D:5      | Killed a yak
  4921 | D:5      | Killed a yak
  4923 | D:5      | Killed a yak
  4929 | D:5      | Killed a yak
  4942 | D:5      | Noticed Blork the orc
  4961 | D:5      | Killed Blork the orc
  5179 | D:5      | Reached XP level 9. HP: 64/70 MP: 9/9
  5364 | D:5      | Noticed Grinder
  5373 | D:5      | Killed Grinder
  7014 | D:7      | Found a staircase to the Ecumenical Temple.
  7026 | D:7      | Found a flagged portal.
  7043 | Bailey   | Entered a bailey
  7150 | Bailey   | Reached XP level 10. HP: 67/77 MP: 10/10
  7209 | Bailey   | Noticed an orc knight
  7210 | Bailey   | Noticed an orc knight
  7539 | Bailey   | Noticed a deep troll
  7539 | Bailey   | an orc knight changed into a deep troll
  7550 | Bailey   | Reached skill level 15 in Axes
  8196 | D:7      | Reached ***** piety under Trog
  9337 | D:8      | Found a glowing silver altar of Zin.
 10179 | D:9      | Reached skill level 10 in Armour
 10258 | D:9      | Reached XP level 11. HP: 82/82 MP: 11/11
 10353 | D:9      | Found a burning altar of Makhleb.
 10358 | D:9      | Identified the +9 whip of Desertification {freeze, Int+4}
 10363 | D:9      | Found a sacrificial altar of Ru.
 10369 | D:9      | Received a gift from Trog
 10600 | D:9      | Identified the +5 scale mail of the Iron City of Dis {Fly
                  | rPois rN+ Str+4}
 10683 | D:9      | Noticed a centaur warrior
 10693 | D:9      | Killed a centaur warrior
 10824 | D:9      | Identified a scroll of acquirement
 10825 | D:9      | Acquired the +3 pair of boots "Oqiafub" {rF++}
 11084 | D:10     | Entered Level 10 of the Dungeon
 11084 | D:10     | Noticed Gastronok
 11091 | D:10     | Killed Gastronok
 11092 | D:10     | Reached skill level 5 in Fighting
 11101 | D:10     | Identified the amulet of the Piercing Saviour {Spirit
                  | +Blink rElec rF-}
 11404 | D:10     | Noticed Grum
 11413 | D:10     | Killed Grum
 11649 | D:10     | Found a glowing golden altar of the Shining One.
 12288 | D:11     | Found a staircase to the Lair.
 12489 | D:11     | Noticed a centaur warrior
 12501 | D:11     | Killed a centaur warrior
 12502 | D:11     | Reached XP level 12. HP: 66/97 MP: 1/12
 12845 | D:11     | Found Situc's Antique Armour Shoppe.
 12853 | D:11     | Bought a steaming helmet for 237 gold pieces
 12853 | D:11     | Identified the +0 helmet of Blue Skies {Harm} (You bought
                  | it in a shop on level 11 of the Dungeon)
 13181 | Lair:1   | Entered Level 1 of the Lair of Beasts
 13322 | Lair:1   | Acquired the +8 crystal plate armour "Poenadwu" {rElec
                  | Regen+ Int-5}
 14013 | Lair:1   | Noticed a four-headed hydra
 14025 | Lair:1   | Killed an 18-headed hydra
 14743 | Lair:2   | Noticed Harold
 14755 | Lair:2   | Killed Harold
 15001 | Lair:2   | Acquired 767 gold pieces
 15055 | Lair:2   | Received a gift from Trog
 15175 | Lair:2   | Identified the +1 chain mail of the Bells {rCorr MP+9 Str-4
                  | Dex+4}
 15260 | Lair:2   | Reached XP level 13. HP: 110/110 MP: 13/13
 15606 | Lair:2   | Noticed Sonja
 15618 | Lair:2   | Killed Sonja
 15842 | Lair:3   | Found a dark tunnel.
 15896 | Volcano  | Entered a volcano
 15920 | Volcano  | Found a burning altar of Makhleb.
 15940 | Volcano  | Reached skill level 10 in Fighting
 16191 | Lair:3   | Acquired a manual of Fighting
 16343 | Lair:3   | Found a staircase to the Snake Pit.
 16527 | Lair:3   | Found a large runed translucent door.
 16528 | Lair:3   | Found a large runed translucent door.
 16531 | Lair:3   | Noticed NineInchNils's ghost (journeyman TrMo)
 16759 | Lair:3   | Killed NineInchNils's ghost
 17189 | Lair:4   | Found a staircase to the Swamp.
 17200 | Lair:4   | Reached XP level 14. HP: 124/124 MP: 11/14
 18236 | Lair:5   | Received a gift from Trog
 18587 | Lair:5   | Found a transporter.
 18588 | Lair:5   | Found a transporter.
 19001 | Lair:6   | Entered Level 6 of the Lair of Beasts
 19229 | Lair:6   | Noticed a dire elephant
 19242 | Lair:6   | Killed a dire elephant
 19405 | Lair:6   | Received a gift from Trog
 19440 | Lair:6   | Found a staircase to the Slime Pits.
 19724 | Lair:6   | Identified the +1 cloak of Urhet {Dex+3}
 19867 | Lair:6   | Reached XP level 15. HP: 137/137 MP: 15/15
 20231 | D:12     | Noticed Azrael
 20259 | D:12     | Killed Azrael
 20261 | D:12     | Noticed Josephine
 20273 | D:12     | Killed Josephine
 20357 | D:12     | Acquired the amulet "Fustrex" {Reflect rC+ SH+5 Stlth+}
 20734 | D:12     | Found a staircase to the Orcish Mines.
 21528 | D:14     | Found a runed translucent door.
 21667 | D:14     | Reached skill level 5 in Dodging
 21755 | D:14     | Received a gift from Trog
 21778 | D:14     | Reached skill level 15 in Fighting
 21791 | D:14     | Reached skill level 15 in Armour
 21845 | D:14     | Found a gate to the Vaults.
 22197 | D:14     | Noticed Rupert
 22213 | D:14     | Killed Rupert
 22522 | D:14     | Reached XP level 16. HP: 126/149 MP: 5/16
 23059 | Orc:1    | Entered Level 1 of the Orcish Mines
 23328 | Orc:1    | Gained mutation: You are clumsy. (Dex -2) [a neqoxec]
 23693 | Orc:1    | Paralysed by an orc sorcerer for 4 turns
 23739 | Orc:2    | Entered Level 2 of the Orcish Mines
 23739 | Orc:2    | Found a staircase to the Elven Halls.
 23800 | Orc:2    | Noticed Snorg
 23920 | Orc:1    | Received a gift from Trog
 24220 | Orc:1    | Killed Snorg
 24282 | Orc:2    | Found Heffiulu's Magic Scroll Shop.
 24284 | Orc:2    | Found Hurch's Weapon Shoppe.
 24295 | Orc:2    | Received a gift from Trog
 24351 | Orc:2    | Found Ofahuck's Armour Shop.
 24377 | Orc:2    | Found Niklutim's Armour Boutique.
 24384 | Orc:2    | Bought a scroll of identify for 30 gold pieces
 24384 | Orc:2    | Bought a scroll of identify for 30 gold pieces
 24384 | Orc:2    | Bought a scroll of identify for 30 gold pieces
 24384 | Orc:2    | Bought a scroll of identify for 30 gold pieces
 24384 | Orc:2    | Bought a scroll of identify for 30 gold pieces
 24499 | Orc:2    | Found a roughly hewn altar of Beogh.
 24614 | Orc:2    | Found Fiymof's Firing Range.
 24978 | D:15     | Entered Level 15 of the Dungeon
 24978 | D:15     | Noticed Louise
 24991 | D:15     | Killed Louise
 25085 | D:15     | Found a staircase to the Depths.
 25146 | D:15     | Found a broken altar of Ashenzari.
 25618 | Swamp:1  | Entered Level 1 of the Swamp
 25640 | Swamp:1  | Reached XP level 17. HP: 139/161 MP: 5/17
 25856 | Swamp:1  | Paralysed by a hornet for 3 turns
 25909 | Swamp:1  | Noticed Kirke
 25922 | Swamp:1  | Noticed a sphinx
 25925 | Swamp:1  | Killed Kirke
 26485 | Swamp:2  | Noticed Frances
 26487 | Swamp:2  | Received a gift from Trog
 26501 | Swamp:2  | Killed Frances
 27680 | Snake:1  | Entered Level 1 of the Snake Pit
 27813 | Snake:1  | Found Fah Etsy's Distillery.
 27822 | Snake:1  | Bought a potion of curing for 30 gold pieces
 27822 | Snake:1  | Bought 2 potions of heal wounds for 100 gold pieces
 27825 | Snake:1  | Noticed Roxanne
 28055 | Snake:1  | Found Meucoilu's Antique Weapon Shoppe.
 28055 | Snake:1  | Found Sukumykhlie's General Store.
 28056 | Snake:1  | Found Tenn's Book Emporium.
 28059 | Snake:1  | Found Ditiden's Distillery.
 28071 | Snake:1  | Bought a scroll of acquirement for 624 gold pieces
 28074 | Snake:1  | Bought a manual of Fighting for 1360 gold pieces
 28080 | Snake:1  | Bought a potion of heal wounds for 85 gold pieces
 28080 | Snake:1  | Bought a potion of heal wounds for 85 gold pieces
 28080 | Snake:1  | Bought a potion of heal wounds for 85 gold pieces
 28080 | Snake:1  | Bought a potion of heal wounds for 85 gold pieces
 28080 | Snake:1  | Bought a potion of curing for 51 gold pieces
 28080 | Snake:1  | Acquired 363 gold pieces
 28152 | Snake:1  | You fall into a shaft and drop 1 floor!
 28500 | Snake:2  | Reached ****** piety under Trog
 28527 | Snake:2  | Found Neng's Antique Armour Shop.
 28625 | Snake:2  | Acquired a manual of Armour
 28893 | Snake:1  | Killed Roxanne
 28973 | Snake:2  | Reached XP level 18. HP: 167/173 MP: 18/18
 28976 | Snake:2  | Received a gift from Trog
 29915 | Snake:3  | Noticed Aizul
 29931 | Snake:3  | Killed Aizul
 30093 | Snake:3  | Noticed Jorgrun
 30106 | Snake:3  | Killed Jorgrun
 30687 | Snake:3  | Noticed Saint Roka
 30698 | Snake:3  | Killed Saint Roka
 31059 | Swamp:4  | Entered Level 4 of the Swamp
 31648 | Swamp:4  | Received a gift from Trog
 31689 | Swamp:4  | Got a decaying rune of Zot
 31857 | Snake:4  | Entered Level 4 of the Snake Pit
 31860 | Snake:4  | Found a burning altar of Makhleb.
 32169 | Snake:4  | Found a runed translucent gate.
 32169 | Snake:4  | Found a runed translucent gate.
 32169 | Snake:4  | Found a runed translucent gate.
 32169 | Snake:4  | Noticed Kinoniko's ghost (adept TrBe)
 33030 | Snake:4  | Reached XP level 19. HP: 174/188 MP: 19/19
 33245 | Snake:4  | Got a serpentine rune of Zot
 33455 | Snake:4  | Killed Kinoniko's ghost
 33759 | Vaults:1 | Entered Level 1 of the Vaults
 34172 | Vaults:1 | Identified the +7 glaive of the Mind {vorpal, rCorr Str+3
                  | Dex-2}
 34187 | Vaults:1 | Received a gift from Trog
 34329 | Vaults:1 | Cast into level 2 of the Abyss (a wizard)
 34580 | Abyss:2  | Noticed a Hell Sentinel
 34593 | Abyss:2  | Killed a Hell Sentinel
 34596 | Vaults:1 | Escaped the Abyss
 35048 | Vaults:1 | Reached skill level 27 in Axes
 35225 | Vaults:1 | Acquired a +6 ring of intelligence
 35234 | Vaults:2 | Received a gift from Trog
 35510 | Vaults:2 | Found a runed translucent gate.
 35537 | Vaults:2 | Found a runed translucent gate.
 35537 | Vaults:2 | Found a runed translucent gate.
 35538 | Vaults:2 | Found an opulent altar of Gozag.
 35539 | Vaults:2 | Noticed Zatenalo's ghost (adept DsBe)
 35541 | Vaults:2 | Found Icroane's Assorted Antiques.
 35541 | Vaults:2 | Found Cuguqugh's Assorted Antiques.
 35555 | Vaults:2 | Killed Zatenalo's ghost
 35641 | Vaults:2 | Bought a scroll of summoning for 323 gold pieces
 35641 | Vaults:2 | Bought a potion of heal wounds for 170 gold pieces
 35641 | Vaults:2 | Bought a scroll of teleportation for 102 gold pieces
 35643 | Vaults:2 | Bought a potion of curing for 132 gold pieces
 35919 | Vaults:2 | Reached XP level 20. HP: 202/202 MP: 20/20
 36663 | Vaults:3 | Received a gift from Trog
 36704 | Vaults:3 | Found a portal to a secret trove of treasure.
 36981 | Vaults:3 | Found Lenozell's Antique Weapon Shop.
 37269 | Vaults:3 | Found a staircase to the Crypt.
 37438 | Vaults:3 | Received a gift from Trog
 38115 | Vaults:4 | Reached skill level 10 in Dodging
 38306 | Vaults:4 | Reached XP level 21. HP: 213/213 MP: 21/21
 38389 | Vaults:4 | Received a gift from Trog
 39224 | Vaults:5 | Entered Level 5 of the Vaults
 39275 | Vaults:5 | Identified the +2 quarterstaff of Famine {flame, Str+4
                  | Stlth+} (Trog gifted it to you on level 5 of the Vaults)
 39275 | Vaults:5 | Received a gift from Trog
 39464 | Vaults:5 | Cast into level 2 of the Abyss (hell knight)
 39512 | Abyss:2  | Paralysed by accursed screaming for 1 turns
 39660 | Abyss:2  | Gained mutation: You have a somewhat thin skeletal
                  | structure. (Dex +2, Stealth+) [a neqoxec]
 39825 | Vaults:5 | Escaped the Abyss
 39834 | Vaults:5 | Identified the +9 hand axe "Esupin" {vorpal, rElec} (Trog
                  | gifted it to you on level 5 of the Vaults)
 39834 | Vaults:5 | Received a gift from Trog
 39850 | Vaults:5 | Found Ufaodaod's General Store.
 39949 | Vaults:5 | Bought a scroll of acquirement for 728 gold pieces
 39951 | Vaults:5 | Acquired a manual of Dodging
 40107 | Vaults:5 | Reached XP level 22. HP: 192/223 MP: 22/22
 40340 | Vaults:5 | Got a silver rune of Zot
 40351 | Vaults:5 | Identified the +7 mace "Leviticus" {vamp, Str+5}
 40469 | Vaults:5 | Noticed Margery
 40483 | Vaults:5 | Received a gift from Trog
 40487 | Vaults:5 | Killed Margery
 40728 | Vaults:5 | Identified the +1 ring mail "Nen Muynaqe" {rCorr Int+4}
 40748 | Vaults:5 | Identified the +4 trident of Wupe {drain, rF+ Will+}
 40847 | Vaults:5 | Noticed a golden dragon
 41235 | Vaults:5 | Identified the +2 cloak of Liberalism {rF+ rCorr}
 41236 | Vaults:5 | Identified the +4 trident "Ufengete" {drain, *Corrode rC+
                  | rN++ MP+9}
 41560 | Elf:1    | Entered Level 1 of the Elven Halls
 41560 | Elf:1    | Found a runed translucent gate.
 41560 | Elf:1    | Found a runed translucent gate.
 41560 | Elf:1    | Found a runed translucent gate.
 41560 | Elf:1    | Found a runed translucent gate.
 41560 | Elf:1    | Found a runed translucent gate.
 41560 | Elf:1    | Found a runed translucent gate.
 41561 | Elf:1    | Found a runed translucent door.
 41677 | Elf:1    | Found a frozen archway.
 41694 | IceCv    | Entered an ice cave
 41925 | IceCv    | Received a gift from Trog
 42129 | IceCv    | Identified the +1 pair of gloves "Korizu Ricic" {-Tele
                  | rPois rN+ Int+3}
 42217 | IceCv    | Noticed a shard shrike
 42225 | IceCv    | Killed a shard shrike
 42247 | IceCv    | Identified the ring "Ikhleal" {Ice rN+ Dex+9}
 42268 | IceCv    | Identified the +1 hand axe "Nourph" {vorpal, rPois MP+9
                  | Int+4}
 42684 | Elf:1    | Reached XP level 23. HP: 164/234 MP: 23/23
 42844 | Elf:1    | Received a gift from Trog
 43087 | Elf:1    | Found a runed translucent door.
 43168 | Elf:1    | Reached skill level 15 in Dodging
 43965 | Elf:2    | Found a runed translucent gate.
 43965 | Elf:2    | Found a runed translucent gate.
 43966 | Elf:2    | Found a runed translucent gate.
 43968 | Elf:2    | Found an opulent altar of Gozag.
 43968 | Elf:2    | Found Dataos's Assorted Antiques.
 43971 | Elf:2    | Noticed Atelerd's ghost (adept OpEE)
 43972 | Elf:2    | Found Buhefiak's Assorted Antiques.
 43984 | Elf:2    | Found a runed translucent gate.
 43985 | Elf:2    | Found a runed translucent gate.
 44006 | Elf:2    | Killed Atelerd's ghost
 44018 | Elf:2    | Received a gift from Trog
 44058 | Elf:2    | Bought a potion of haste for 300 gold pieces
 44076 | Elf:2    | Found a runed translucent gate.
 44797 | Elf:3    | Entered Level 3 of the Elven Halls
 44997 | Elf:3    | Paralysed by an air elemental for 1 turns
 45068 | Elf:3    | Paralysed by an air elemental for 1 turns
 45269 | Elf:3    | Paralysed by an air elemental for 1 turns
 45308 | Elf:3    | Received a gift from Trog
 45710 | Elf:3    | Received a gift from Trog
 45753 | Elf:3    | Found the +6 arbalest "Damnation" {damnation}
 45783 | Elf:3    | Identified the ring of Mirth {Fire rElec rN++ Str-4 Slay+3}
 45927 | Elf:3    | Identified the +4 arbalest "Woaxuab" {penet, Int+5 Stlth+}
 46559 | Depths:1 | Entered Level 1 of the Depths
 46622 | Depths:1 | You fall into a shaft and drop 1 floor!
 46636 | Depths:2 | Reached XP level 24. HP: 241/245 MP: 23/23
 47071 | Depths:1 | Received a gift from Trog
 47641 | Depths:1 | Found a gateway to Hell.
 47712 | Depths:1 | Found Wukloc's Book Shop.
 47712 | Depths:1 | Cast into level 2 of the Abyss (hell knight)
 47827 | Abyss:2  | Found an iron altar of Okawaru.
 48048 | Abyss:2  | Reached skill level 27 in Fighting
 48057 | Depths:1 | Escaped the Abyss
 48060 | Depths:1 | Received a gift from Trog
 48348 | Depths:2 | Identified the +1 ring mail of Relamm {rCorr Str+2}
 48487 | Depths:2 | Reached skill level 1 in Crossbows
 48544 | Depths:2 | Found a shimmering blue altar of Sif Muna.
 48565 | Depths:2 | Found Daudoj's Armour Shop.
 48619 | Depths:2 | Found Jaitaeg's Book Shop.
 48622 | Depths:2 | Bought a manual of Stealth for 880 gold pieces
 48666 | Depths:2 | Found a one-way gate to the infinite horrors of the Abyss.
 48826 | Depths:2 | Found Wylidee's Book Emporium.
 48836 | Depths:2 | Found Jogueg's Weapon Emporium.
 48839 | Depths:2 | Bought the +8 storm bow {elec, penet} for 1105 gold pieces
 48839 | Depths:2 | Found the +8 storm bow {elec, penet}
 49019 | Depths:2 | Identified the +1 scale mail "Kutwihu" {Rampage rCorr MP+9
                  | Stlth-}
 49084 | Depths:3 | Found a stormy altar of Qazlal.
 49302 | Depths:3 | Received a gift from Trog
 49353 | Depths:3 | Reached skill level 5 in Crossbows
 49362 | Depths:3 | Reached XP level 25. HP: 252/257 MP: 23/23
 49439 | Depths:3 | Found Lesycz Meso's Assorted Antiques.
 49444 | Depths:3 | Bought the +0 mask of the Dragon {Will+ Slay+3 SInv} for
                  | 1469 gold pieces
 49444 | Depths:3 | Found the +0 mask of the Dragon {Will+ Slay+3 SInv}
 49812 | Depths:3 | Found a one-way gate leading to the halls of Pandemonium.
 50115 | Depths:3 | Identified the +9 dire flail of Wahit {antimagic, rC+ rN+
                  | Str+7}
 50122 | Depths:3 | Identified the +6 chain mail "Ziedy" {Int+4}
 50417 | Depths:4 | Received a gift from Trog
 50464 | Depths:4 | Paralysed by a floating eye for 4 turns
 50515 | Depths:4 | Reached skill level 10 in Crossbows
 50980 | Depths:4 | Received a gift from Trog
 51883 | Depths:5 | Entered Level 5 of the Depths
 51921 | Depths:5 | Reached XP level 26. HP: 266/266 MP: 23/23
 52089 | Depths:5 | Found a gateway to a ziggurat.
 52167 | Depths:5 | Received a gift from Trog
 52170 | Depths:5 | Found a gate to the Realm of Zot.
 52411 | Depths:5 | Identified the +2 pair of boots of the Lute {*Corrode rPois
                  | rC+ Int+2}
 55701 | Hell     | Entered the Vestibule of Hell
 55701 | Hell     | Noticed Geryon
 55720 | Hell     | Killed Geryon
 55721 | Hell     | Reached skill level 15 in Crossbows
 55732 | Hell     | HP: 17/399 [hell knight (13)]
 55733 | Hell     | HP: 7/266 [soul eater/drain life (5)]
 55734 | Hell     | HP: 2/266 [soul eater/drain life (3)]
 56510 | Hell     | Found a gateway to the ashen valley of Gehenna.
 56611 | Hell     | Noticed Murray
 56633 | Hell     | Killed Murray
 56665 | Hell     | Received a gift from Trog
 56677 | Hell     | Found a gateway to the freezing wastes of Cocytus.
 56729 | Hell     | Found a gateway to the decaying netherworld of Tartarus.
 56940 | Hell     | Found a gateway to the Iron City of Dis.
 57585 | Temple   | Entered the Ecumenical Temple
 57634 | D:8      | Fell from the grace of Trog
 57634 | D:8      | Became a worshipper of Zin the Law-Giver
 57634 | D:8      | Reached * piety under Zin
 57634 | D:8      | Reached ** piety under Zin
 57635 | D:8      | Donated 328 gold pieces to Zin
 57636 | D:8      | Donated 164 gold pieces to Zin
 57637 | D:8      | Donated 82 gold pieces to Zin
 57982 | Depths:4 | Donated 41 gold pieces to Zin
 57984 | Depths:4 | Voluntarily entered the Abyss.
 58003 | Abyss:1  | Reached *** piety under Zin
 58061 | Abyss:1  | Found a corrupted altar of Lugonu.
 58201 | Abyss:1  | Reached skill level 1 in Invocations
 58392 | Abyss:1  | Noticed an ancient lich
 58400 | Abyss:1  | Reached skill level 5 in Invocations
 58404 | Abyss:1  | Killed an ancient lich
 58432 | Abyss:1  | Reached XP level 27. HP: 273/273 MP: 28/28
 58883 | Abyss:1  | Reached **** piety under Zin
 58922 | Abyss:1  | Reached skill level 10 in Invocations
 58925 | Depths:4 | Escaped the Abyss
 58956 | Depths:4 | Voluntarily entered the Abyss.
 59457 | Abyss:1  | Paralysed by an air elemental for 1 turns
 59640 | Abyss:1  | Paralysed by Trog for 6 turns
 59758 | Abyss:1  | Reached ***** piety under Zin
 59823 | Depths:4 | Escaped the Abyss
 59876 | Depths:4 | Voluntarily entered the Abyss.
 60028 | Abyss:1  | Zin protects you from harm!
 60028 | Abyss:1  | HP: 9/273 [deep troll[the rage of Trog] (7)]
 60028 | Abyss:1  | Mangled by a two-headed ogre

Illustrated notes

Levels and vault maps discovered:
D:1:      co_arrival_square_in_a_square_in_a_square, layout_basic, serial_glass,
          glass_columns_b, glass_columns_a, glass_columns_c, glass_columns_a
D:2:      minmay_roachtagon, layout_basic, serial_shops, shop_statue,
          hellmonk_ecumenical_altar_run_dry
D:3:      layout_loops_cross, ebering_ghost_inner_flame
D:4:      layout_loops_ring, gammafunk_temple_overflow_elements,
          gup_ossuary_entry_pyramid, uniq_menkaure, uniq_crazy_yiuf_cottage
D:5:      layout_loops_ring, lemuel_round_altar, chequers_serial_rivers_micro_b,
          hex_tiny, minmay_fire_ice_demons, uniq_blork_the_orc, uniq_grinder,
          uniq_ijyb
D:6:      layout_gridville
D:7:      layout_gridville, minmay_temple_entry_wispy, enter_bailey_2,
          minmay_tree_intersection
D:8:      minmay_spotlight, layout_gridville, mainiacjoe_overflow_alcove_1
D:9:      layout_irregular_city, bloody_makhleb,
          nicolae_ru_great_annihilating_truth
D:10:     layout_roguey, nicolae_tso_carved_into_rock, uniq_gastronok, uniq_grum
D:11:     layout_roguey, erik_lair_orcish_takeover, serial_shops, shop,
          kennysheep_flooded_box
D:12:     layout_rooms, hiddenorc1_lemuel, uniq_josephine, uniq_azrael
D:13:     layout_loops_ring
D:14:     gammafunk_mikee_crab_dinner, layout_basic,
          lightli_vaults_fourway_checkpoint, serial_park_square1
          [serial_park_minivault_5x5_1], uniq_rupert
D:15:     gammafunk_depths_entry_grave, layout_cross,
          cheibrodos_ashenzari_chains, uniq_louise
Temple:   nicolae_temple_no_exploring_needed
Lair:1:   layout_layer_cave, grunt_megastairs_4, wad_woods_river_01,
          lemuel_fruit_tree
Lair:2:   regret_index_harrowing_hell_hive, layout_chaotic_city, serial_bayou,
          serial_bayou_lagoon_a, serial_bayou_shore_b, serial_bayou_lake_a,
          serial_bayou_shore_b, uniq_harold, uniq_sonja
Lair:3:   layout_cave_pods, minmay_snake_entry_spellcaster,
          ebering_ghost_disaster_area, nicolae_volcano_entry_lava_flow
Lair:4:   layout_cave_pods, minmay_swamp_entry_worms, serial_rivers,
          chequers_serial_rivers_micro_d, chequers_serial_rivers_micro_b,
          chequers_serial_rivers_micro_c, chequers_serial_rivers_micro_c,
          chequers_serial_rivers_micro_d, grunt_megastairs_2
Lair:5:   gammafunk_boulding_lane, layout_layer_cave, lemuel_fruit_fields
Lair:6:   gammafunk_lair_ancient_temple, layout_regular_city, slime_dummy,
          grunt_megastairs_3
Swamp:1:  layout_falls_marsh, nicolae_swamp_round_clearing, swamp_pool4,
          nicolae_swamp_oxbows, uniq_kirke
Swamp:2:  layout_basic_swamp, evilmike_swamp_ruin_house_3, swamp_pool1,
          uniq_frances
Swamp:3:  layout_basic_swamp, nicolae_swamp_treefoil, swamp_pool2
Swamp:4:  swamp_icy, layout_basic_swamp, swamp_pool1
Snake:1:  layout_onion_interference, serial_shops, shop, minmay_shoptagon,
          uniq_roxanne
Snake:2:  layout_chambers, serial_shops, nicolae_shop_behind_doors,
          serial_bayou_crossing
Snake:3:  layout_grid_maze, nicolae_snake_slithery_corners, uniq_aizul,
          uniq_jorgrun, uniq_saint_roka
Snake:4:  grunt_snake_rune_pools, layout_cave_town, basic_altar,
          gammafunk_ghost_split
Orc:1:    layout_diamond_mine
Orc:2:    st_orc_open, layout_caves, basic_altar, nicolae_shop_firing_range,
          uniq_snorg
Elf:1:    nicolae_elf_arrival_dilemma, layout_gridlike,
          portal_ice_cave_entry_ice_statue_two, minmay_elf_crystal_hexagon,
          serial_sigils_hangedman_writhe
Elf:2:    elven_hall_of_blades_hangedman_original
          [nicolae_blade_entry_diamond_columns], layout_loops_corners,
          ebering_ghost_gozag
Elf:3:    minmay_elf_hall_quartered_circle, layout_onion_city
Vaults:1: nicolae_vaults_diagonal_hallway_6, nicolae_vaults_yaktaur_gun_rack,
          grunt_vaults_hallway_short, v_misc_8, v_misc_3,
          nicolae_vaults_asterisk, hangedman_vaults_impose, vaults_room_pools,
          v_misc_23, nicolae_vaults_ring_of_whatevers, vaults_dpeg_hooks,
          layout_vaults_ring
Vaults:2: ebering_vaults_ghost_gozag, vaults_room_boxed, v_misc_8,
          ontoclasm_vaults_gateway, ontoclasm_vaults_loading_screen,
          hangedman_vaults_snaps, grunt_vaults_twisty, v_misc_10, v_misc_17,
          ontoclasm_vaults_tryst, nicolae_vaults_little_squares_3,
          nicolae_vaults_rhombus_5, layout_vaults_quadrants
Vaults:3: v_misc_10, nicolae_vaults_little_squares_5,
          nicolae_vaults_little_squares_2, v_misc_8, v_misc_4,
          hangedman_vaults_variations, nicolae_vaults_ring_of_whatevers,
          ontoclasm_vaults_hangar, minmay_crypt_entry_simple_walls, v_misc_28,
          nicolae_vaults_ring_of_whatevers, hangedman_vaults_maws,
          ontoclasm_vaults_decontamination, layout_vaults_omnicross,
          nicolae_trove_entry_free_sample, serial_glass, serial_shops, shop
Vaults:4: vaults_mumra_chevron_long, ontoclasm_vaults_fault,
          nicolae_vaults_little_squares_4, nicolae_vaults_shelves_hall,
          hangedman_vaults_trim, nicolae_vaults_what_the_h,
          layout_vaults_chaotic_city
Vaults:5: uniq_margery
Depths:1: layout_gridlike, pf_coc_iceberg, minmay_misc_feat_doors, serial_shops,
          shop, minivault_11, hangedman_research_toxicology
Depths:2: minmay_chopped_fan, layout_cave_pools, serial_shops,
          nicolae_shop_window_shopping, nicolae_shop_behind_doors,
          nicolae_shop_behind_doors, nicolae_shop_behind_doors, hell_entry,
          minmay_room_of_horrors, grunt_decor_resistance,
          nicolae_sif_muna_condensation
Depths:3: minmay_eyes, layout_gridlike, serial_shops, nicolae_shop_trees,
          pan_entry, nicolae_qazlal_scattered_showers, hell_entry,
          minmay_misc_feat_tiny, infiniplex_staircase_pillars_1
Depths:4: minmay_quantized_circle, layout_basic, hellmouth_1, nrook_campfire,
          serial_corexii_hall, corexii_hall_statues_l, corexii_hall_statues_t,
          abyss_entry_crystal, kennysheep_generic_room_11,
          infiniplex_staircase_pool_2
Depths:5: grunt_zot_entry_alcove, layout_small_grid, enter_ziggurat_f,
          hell_entry, minmay_crystal_room, fountainhead, serial_bayou_shore_b
Hell
Abyss:1:  base: Lair:1, evilmike_abyss_exit_kraken, base: Vaults:1, base:
          Snake:4, minivault_24

Skill      XL: |  1  2  3  4  5  6  7  8  9 10 11 12 13 14 15 16 17 18 19 20 21 22 23 24 25 26 27 |
---------------+----------------------------------------------------------------------------------+-----
Axes           | 5 6 7 8 9 10 12 14 16 18 20 21 22 23 24 25 26 27 | 27.0
Armour         | 3 4 5 6 8 10 11 12 13 14 15 16 19 20 21 22 23 24 25 | 25.8
Fighting       | 6 8 11 13 15 17 18 20 22 23 24 25 26 27 | 27.0
Dodging        | 4 5 7 8 9 10 11 14 16 | 16.4
Crossbows      | 5 13 17 | 17.0
Invocations    | 7 12 | 12.3

Action                   |  1- 3 |  4- 6 |  7- 9 | 10-12 | 13-15 | 16-18 | 19-21 | 22-24 | 25-27 || total
-------------------------+-------+-------+-------+-------+-------+-------+-------+-------+-------++-------
Melee: Hand axe          |   133 |   125 |       |       |       |       |       |       |       ||   258
       War axe           |       |    79 |   277 |   151 |       |       |       |       |       ||   507
       Broad axe         |       |       |       |   213 |   402 |       |       |       |       ||   615
       Executioner's axe |       |       |       |   157 |   260 |  1141 |   997 |  1261 |  1079 ||  4895
 Fire: Arbalest          |       |       |       |       |       |       |       |       |     9 ||     9
Invok: Berserk           |     1 |     4 |     8 |    13 |    25 |    35 |    17 |    19 |     9 ||   131
       Brothers in Arms  |       |       |       |       |     7 |     4 |     5 |    10 |     1 ||    27
       Trog's Hand       |       |       |       |       |     1 |     1 |       |     4 |       ||     6
       Donate Gold       |       |       |       |       |       |       |       |       |     4 ||     4
       Recite            |       |       |       |       |       |       |       |       |     5 ||     5
Evoke: Wand              |       |       |       |    27 |       |       |       |       |       ||    27
  Use: Scroll            |       |     8 |     7 |    15 |    13 |    10 |     8 |     9 |       ||    70
       Potion            |       |       |     6 |       |     6 |     3 |       |    18 |     7 ||    40
 Stab: Paralysed         |       |       |       |     1 |       |       |       |       |       ||     1
       Distracted        |       |       |       |       |     7 |     2 |     1 |     1 |       ||    11
       Petrified         |       |       |       |       |     5 |       |       |       |       ||     5
Armor: Animal skin       |     7 |       |       |       |       |       |       |       |       ||     7
       Ring mail         |    25 |    14 |       |       |       |       |       |       |       ||    39
       Plate armour      |       |    57 |   139 |    17 |       |       |       |       |       ||   213
       Crystal plate arm |       |       |       |   493 |   658 |   968 |   596 |   903 |   699 ||  4317
       Scale mail        |       |       |       |    12 |       |       |       |       |       ||    12
Dodge: Dodged            |   118 |    99 |   125 |   257 |   329 |   566 |   451 |   464 |   458 ||  2867
Block: Other             |       |       |       |       |    58 |   270 |   155 |   196 |   188 ||   867
       Reflection        |       |       |       |       |     1 |    21 |    25 |    14 |     2 ||    63
